 Dungeon Crawl Stone Soup version 0.18-a0-960-g77c8fc5 (webtiles) character file.

1817 XarnoX the Nimble (level 8, -3/80 HPs)
             Began as a Mottled Draconian Berserker on Dec 31, 2015.
             Was a Believer of Trog.
             Slain by a killer bee (5 damage)
             ... on level 7 of the Dungeon.
             The game lasted 00:45:48 (4493 turns).

XarnoX the Nimble (Mottled Draconian Berserker)     Turns: 4493, Time: 00:45:48

Health: -3/80      AC:  7    Str: 19 (20) XL:     8   Next: 85%
Magic:  8/8        EV: 19    Int:  7      God:    Trog [**....]
Gold:   183        SH:  0    Dex: 13      Spells: 0 memorised, 7 levels left

rFire  . . .     SeeInvis .     a - +0 falchion
rCold  . . .     Gourm    .     (armour unavailable)
rNeg   + . .     Faith    .     (no shield)
rPois  .         Spirit   .     (helmet restricted)
rElec  .         Dismiss  .     z - +0 cloak
rCorr  .         Reflect  .     (no gloves)
SustAt .         Harm     .     (no boots)
MR     +....                    (no amulet)
Stlth  +.........               j - ring of protection from magic
                                u - ring of positive energy

@: lethally poisoned (-3 -> -5), somewhat resistant to hostile enchantments,
very unstealthy
A: breathe sticky flame splash, unfitting armour, cold-blooded, AC +6
a: Breathe Sticky Flame, Berserk, Trog's Hand, Burn Spellbooks, Renounce
Religion


You were on level 7 of the Dungeon.
You worshipped Trog.
Trog was pleased with you.
You were very hungry.

You visited 1 branch of the dungeon, and saw 7 of its levels.

You collected 183 gold pieces.

Inventory:

Hand Weapons
 a - a +0 falchion (weapon)
 c - a +1 mace of protection
 g - a +0 whip of pain
 k - a +2 whip of flaming
 n - a +0 long sword
Missiles
 x - 13 sling bullets of frost
Armour
 d - a +0 ring mail
 e - a +0 leather armour
 f - a +0 robe
 z - a +0 cloak (worn)
Jewellery
 j - a ring of protection from magic (right hand)
 u - a ring of positive energy (left hand)
Wands
 t - a wand of magic darts (14/48)
 y - a wand of random effects (35/48)
Scrolls
 h - 3 scrolls of identify
 l - 3 scrolls of magic mapping {unknown}
 m - a scroll of noise {unknown}
 p - 2 scrolls of remove curse {unknown}
 q - a scroll of enchant weapon {unknown}
 r - 3 scrolls of teleportation {unknown}
 w - a scroll of enchant armour {unknown}
Potions
 i - a potion of cancellation
 s - 2 potions of brilliance
Comestibles
 b - 2 bread rations
 o - a slice of pizza
 v - a beef jerky
 B - a royal jelly


   Skills:
 + Level 10.4 Fighting
 + Level 6.4 Long Blades
 * Level 11.9 Dodging


You had 7 spell levels left.
You didn't know any spells.

Dungeon Overview and Level Annotations

Branches:
Dungeon (6/15)
 Temple: D:4-7

Altars:
Dithmenos
Kikubaaqudgha
Qazlal

Shops:
D:5 (


Innate Abilities, Weirdness & Mutations

You can spit globs of burning liquid.
You can ignite nearby creatures when you spit burning liquid.
Your weird mottled scales are hard (AC +6).
Your body does not fit into most forms of armour.
You are cold-blooded and may be slowed by cold attacks.


Message History

There is an open door here.
You feel less exhausted. The killer bee closely misses you.
The killer bee closely misses you.
You see here a worker ant corpse.
The killer bee stings you.
* * * LOW HITPOINT WARNING * * *
You are lethally poisoned!
The killer bee poisons you!
* * * LOW HITPOINT WARNING * * *
You feel sick. The killer bee closely misses you.
* * * LOW HITPOINT WARNING * * *
You feel sick. The killer bee barely misses you.
* * * LOW HITPOINT WARNING * * *
You feel sick.
The killer bee stings you but does no damage.
The killer bee completely misses you.
* * * LOW HITPOINT WARNING * * *
You feel sick. The killer bee stings you.
You die...

###########......#
#.........#.a....#
#.........#......#
#.........#......#
#.........#......
#.........#....
#.........##'####
##..............#
#@#............#
#y##...........#
#.##...........#
#O##...........#
#.#............#
#.#......#######
#†#......#
#.#......###
#.'........#


You could see an ogre and a killer bee.

Vanquished Creatures
  Pikel (D:5)
  A sky beast (D:7)
  An ice beast (D:5)
  4 slaves (D:5)
  The ghost of Duffy the Stinger, an amateur NaVM (D:3)
  An ogre (D:4)
  4 killer bees (D:7)
  A quasit (D:7)
  2 hounds (D:4)
  An orc wizard (D:5)
  5 worker ants
  A gnoll (D:5)
  8 adders
  An adder skeleton (D:5)
  3 giant geckos
  7 orcs
  2 bats (D:3)
  6 giant cockroaches
  2 gnoll zombies (D:2)
  4 goblins (D:1)
  7 hobgoblins
  3 jackals (D:2)
  5 kobolds
  3 quokkas
  2 rats
76 creatures vanquished.

Notes
Turn   | Place    | Note
--------------------------------------------------------------
     0 | D:1      | XarnoX the Draconian Berserker began the quest for the Orb.
     0 | D:1      | Reached XP level 1. HP: 19/19 MP: 1/1
   181 | D:1      | Reached XP level 2. HP: 26/26 MP: 2/2
   785 | D:2      | Reached XP level 3. HP: 13/33 MP: 3/3
   889 | D:2      | Reached ** piety under Trog
  1205 | D:2      | Found an ancient bone altar of Kikubaaqudgha.
  1530 | D:2      | You fall through a shaft!
  1787 | D:3      | Reached XP level 4. HP: 36/40 MP: 4/4
  1798 | D:3      | Found a stormy altar of Qazlal.
  1882 | D:3      | Noticed Duffy's ghost (amateur NaVM)
  1896 | D:3      | Killed Duffy's ghost
  1896 | D:3      | Reached skill level 4 in Fighting
  1896 | D:3      | Reached XP level 5. HP: 8/46 MP: 5/5
  1898 | D:3      | Reached skill level 8 in Fighting
  1898 | D:3      | Reached skill level 10 in Dodging
  1898 | D:3      | Reached XP level 6. HP: 7/62 MP: 6/6
  1899 | D:3      | Reached skill level 10 in Fighting
  1899 | D:3      | Reached skill level 11 in Dodging
  1899 | D:3      | Your scales start taking on a weird mottled colour.
  1899 | D:3      | Reached XP level 7. HP: 6/72 MP: 7/7
  2004 | D:3      | Found a shadowy altar of Dithmenos.
  3072 | D:5      | Entered Level 5 of the Dungeon
  3403 | D:5      | Found Ifobbuim's Antique Weapon Boutique.
  3473 | D:5      | Reached XP level 8. HP: 69/79 MP: 8/8
  3573 | D:5      | Noticed Pikel
  3986 | D:5      | Killed Pikel
  4279 | D:5      | You fall through a shaft for 2 floors!
  4489 | D:7      | HP: 4/80 [poisoned by a killer bee]
  4493 | D:7      | Slain by a killer bee

Vault maps used:
D:1:      saegor_arrival_simple_c
D:2:      kiku_gazebo_pond_becter, lemuel_zombie_altar_yredelemnul
D:3:      nicolae_overflow_crystal_walls, lemuel_coloured_pillars_altar,
          uniq_crazy_yiuf_cottage, uniq_grinder
D:4:      xom_redecorated, minmay_divided_ellipse, uniq_blork_the_orc
D:5:      first_bread, serial_shops, nicolae_shop_stone, minmay_curled_crystal,
          uniq_pikel
D:6:      cheibriados_altar_1, lemuel_blue_sif_altar, overflow_temple_1_default,
          serial_glass, glass_columns_b, glass_columns_a, item_on_display_a,
          item_on_display_a, due_unseen_surprise, feat_on_display, serial_shops,
          shop, uniq_eustachio
D:7:      ashenzari_conservatory_becter, grunt_pakellas_sulfur,
          minmay_temple_entry_statues_fountains, serial_shops, shop, basic_altar

Action                   |  1- 3 |  4- 6 |  7- 9 || total
-------------------------+-------+-------+-------++-------
Melee: Falchion          |   114 |    11 |   366 ||   491
Invok: Trog's Hand       |       |     1 |     3 ||     4
       Berserk           |       |     1 |     2 ||     3
 Abil: Breathe Sticky Fl |       |       |     4 ||     4
Evoke: Wand              |       |       |     1 ||     1
  Use: Potion            |       |     3 |     9 ||    12
       Scroll            |       |       |     3 ||     3
 Stab: Sleeping          |     1 |       |     2 ||     3
  Eat: Bread ration      |     1 |       |     2 ||     3
       Pizza             |       |       |     1 ||     1
       Fruit             |       |       |     1 ||     1
